 Dungeon Crawl Stone Soup version 0.25.1-2-g60ff931df9 (webtiles) character file.

Game seed: 11353394190878995432

880 HawFromDerth the Magician (level 7, -3/37 HPs)
             Began as a Deep Elf Venom Mage on Sept 19, 2020.
             Was an Initiate of Vehumet.
             Slain by Menkaure (6 damage)
             ... on level 5 of the Dungeon on Sept 20, 2020.
             The game lasted 00:32:07 (9649 turns).

HawFromDerth the Magician (Deep Elf Venom Mage)     Turns: 9649, Time: 00:32:08

Health: -3/37      AC:  6    Str:  5    XL:     7   Next: 75%
Magic:  19/19      EV: 14    Int: 22    God:    Vehumet [......]
Gold:   145        SH:  4    Dex: 15    Spells: 7/20 levels left

rFire    + . .     SeeInvis +   m - +4 dagger (flame)
rCold    + . .     Gourm    .   (no shield)
rNeg     . . .     Faith    .   g - +2 robe {rC+}
rPois    .         Spirit   .   (no helmet)
rElec    .         Reflect  .   (no cloak)
rCorr    .         Harm     .   (no gloves)
MR       .....                  (no boots)
Stlth    +++.......             (no amulet)
HPRegen  0.12/turn              b - ring of protection from fire
MPRegen  0.16/turn              i - ring of see invisible

@: no status effects
A: hooves 1, large bone plates 1, slimy green scales 1, camouflage 1
a: Renounce Religion


You were on level 5 of the Dungeon.
You worshipped Vehumet.
Vehumet was noncommittal.
You were not hungry.

You visited 2 branches of the dungeon, and saw 6 of its levels.

You collected 230 gold pieces.
You spent 85 gold pieces at shops.

Inventory:

Hand Weapons
 m - a +4 dagger of flaming (weapon)
Armour
 g - a +2 robe of cold resistance (worn)
 n - a +2 robe of magic resistance
Jewellery
 b - a ring of protection from fire (left hand)
 i - a ring of see invisible (right hand)
 j - an uncursed ring of positive energy
Wands
 d - a wand of polymorph (5)
Scrolls
 a - a scroll of magic mapping
 e - 3 scrolls of remove curse
 k - 2 scrolls of fog
 l - 2 scrolls of teleportation
Potions
 f - 2 potions of haste
 h - 2 potions of stabbing
 o - a potion of lignification
Comestibles
 c - 6 rations


   Skills:
 + Level 0.3 Fighting
 + Level 1.3 Short Blades
 + Level 3.6 Dodging
 + Level 3.9 Stealth
 * Level 7.3 Spellcasting
 + Level 0.8 Conjurations
 + Level 3.4 Transmutations
 + Level 0.3 Fire Magic
 + Level 2.1 Air Magic
 * Level 5.8 Poison Magic


You had 7 spell levels left.
You knew the following spells:

 Your Spells              Type           Power        Failure   Level  Hunger
a - Sting                 Tmut/Pois      ####         1%          1    None
b - Poisonous Vapours     Pois/Air       ####..       2%          2    None
c - Ignite Poison         Fire/Tmut/Pois ###.....     6%          3    None
d - Mephitic Cloud        Conj/Pois/Air  ###.....     8%          3    None
e - Olgreb's Toxic Radia  Pois           ####....     8%          4    ###....

Your spell library contained the following spells:

 Spells                   Type           Power        Failure   Level  Hunger


Dungeon Overview and Level Annotations

Branches:
Dungeon (5/15)             Temple (1/1) D:5

Altars:
Cheibriados
Dithmenos
Elyvilon
Fedhas
Gozag
Hepliaklqana
Kikubaaqudgha
Nemelex Xobeh
Okawaru
Qazlal
Ru
Sif Muna
Trog
Uskayaw
Vehumet
Xom
Yredelemnul
Zin
The Shining One

Shops:
D:4 [

Annotations:
D:5 Menkaure


Innate Abilities, Weirdness & Mutations

You have large cloven feet.
You are partially covered in large bone plates. (SH +4)
You are partially covered in slimy green scales. (AC +2)
Your skin changes colour to match your surroundings (Stealth+).


Message History

You can't go up here!
You climb downwards.
Level annotation: Menkaure
There is a stone staircase leading up here.
Menkaure shouts!
Menkaure mumbles some strange words.
Menkaure seems to speed up.
Menkaure calls on the powers of darkness!
Your body is wracked with pain!
Menkaure giggles, "These cerements are ticklish..."
Menkaure gestures ominously.
Menkaure calls on the powers of darkness!
Your body is wracked with pain!
Menkaure gestures at you while chanting.
Pain shoots through your body!
* * * LOW HITPOINT WARNING * * *
Menkaure hits you but does no damage.
There is a stone staircase leading down here.
Menkaure hits you.
You die...

## ##......## #.### #........##
#.# # ##.........# #.## ##
#..........####### #..# .#
##...........##PPP## ##.# .#
#............#P...P### #.# ##
##............#P.>..'.# #.# .#
#.............#P...P#.# #.##
.###............@##PPP##.# #..#
#.##............M.######.#####..#
##................# #.........
##...............# ###....##.
#...............# ###......###
#...............####..........#
#...............#..............
#.................##...........
#...............####...........


You could see Menkaure (fast).

Vanquished Creatures
  Prince Ribbit (D:5)
  An ogre (D:4)
  A crimson imp (D:5)
  2 hounds (D:4)
  A jelly (D:5)
  2 orc priests (D:4)
  A centaur skeleton (D:5)
  A bullfrog skeleton (D:4)
  Natasha (thrice) (D:3)
  3 orc wizards
  A worker ant zombie (D:5)
  5 gnolls (D:5)
  8 adders
  A shadow imp (D:5)
  An ooze (D:1)
  2 worms (D:2)
  2 dart slugs (D:3)
  3 leopard geckos
  8 orcs
  7 bats
  5 giant cockroaches
  5 hobgoblins
  3 jackals
  3 kobolds (D:1)
  2 quokkas (D:3)
  4 ball pythons
  A ball python skeleton (D:4)
  7 frilled lizards
  8 goblins
  8 rats
100 creatures vanquished.

Vanquished Creatures (others)
  A jackal (D:4)
  A quokka (D:4)
2 creatures vanquished.

Grand Total: 102 creatures vanquished

Notes
Turn   | Place    | Note
-------+----------+-------------------------------------------
     0 | D:1      | HawFromDerth the Deep Elf Venom Mage began the quest for
                  | the Orb.
     0 | D:1      | Reached XP level 1. HP: 10/10 MP: 6/6
   421 | D:1      | Reached XP level 2. HP: 14/15 MP: 6/8
  1005 | D:2      | Reached XP level 3. HP: 19/19 MP: 6/10
  1009 | D:2      | Learned a level 2 spell: Poisonous Vapours
  1154 | D:2      | Reached skill level 4 in Spellcasting
  1424 | D:2      | Gained mutation: Potions are less effective at restoring
                  | your health. [potion of mutation]
  1424 | D:2      | Gained mutation: Your natural rate of healing is unusually
                  | fast. [potion of mutation]
  1648 | D:2      | Reached XP level 4. HP: 24/24 MP: 7/12
  2922 | D:3      | Learned a level 3 spell: Ignite Poison
  2956 | D:3      | Learned a level 3 spell: Mephitic Cloud
  3535 | D:3      | Noticed Natasha
  3540 | D:3      | Killed Natasha
  3540 | D:3      | Reached XP level 5. HP: 28/28 MP: 3/14
  3683 | D:3      | Reached skill level 5 in Spellcasting
  4036 | D:3      | Noticed Natasha
  4040 | D:3      | Killed Natasha
  4040 | D:3      | Reached skill level 1 in Air Magic
  4618 | D:3      | Noticed Natasha
  4622 | D:3      | Killed Natasha
  4791 | D:4      | Noticed an ogre
  4808 | D:4      | Killed an ogre
  4808 | D:4      | Reached skill level 5 in Poison Magic
  4808 | D:4      | Reached XP level 6. HP: 32/32 MP: 5/16
  4886 | D:4      | Learned a level 4 spell: Olgreb's Toxic Radiance
  4931 | D:4      | Reached skill level 6 in Spellcasting
  5570 | D:4      | Found a shimmering altar of Xom.
  6159 | D:4      | Reached XP level 7. HP: 36/36 MP: 12/19
  6431 | D:4      | Found Aramuh's Antique Armour Shop.
  6434 | D:4      | Bought a runed robe for 85 gold pieces
  6661 | D:5      | Entered Level 5 of the Dungeon
  6771 | D:5      | Noticed Prince Ribbit
  6780 | D:5      | Killed Prince Ribbit
  6780 | D:5      | Reached skill level 1 in Short Blades
  6780 | D:5      | Reached skill level 7 in Spellcasting
  6902 | D:5      | HP: 1/55 [acid (3)]
  6903 | D:5      | Lost mutation: Your natural rate of healing is unusually
                  | fast. [potion of mutation]
  6903 | D:5      | Lost mutation: Potions are less effective at restoring your
                  | health. [potion of mutation]
  6903 | D:5      | Gained mutation: You have large cloven feet. [potion of
                  | mutation]
  6903 | D:5      | Gained mutation: You are partially covered in slimy green
                  | scales. (AC +2) [potion of mutation]
  6903 | D:5      | Gained mutation: Your skin changes colour to match your
                  | surroundings (Stealth+). [potion of mutation]
  6903 | D:5      | Gained mutation: You are partially covered in large bone
                  | plates. (SH +4) [potion of mutation]
  8181 | D:5      | Found a staircase to the Ecumenical Temple.
  8218 | D:5      | Noticed Menkaure
  8702 | D:5      | HP: 1/37 [Menkaure/nerve-wracking pain (9)]
  9199 | Temple   | Entered the Ecumenical Temple
  9261 | Temple   | Became a worshipper of Vehumet
  9649 | D:5      | Slain by Menkaure

Illustrated notes

Levels and vault maps discovered:
D:1:      roderic_crop_circles_arrival_large, layout_basic,
          kennysheep_decorative_pillar, minmay_misc_feat_alley
D:2:      layout_basic, first_ration
D:3:      layout_rooms, serial_bayou, serial_bayou_pond_a, serial_bayou_shore_a,
          serial_bayou_lagoon_a, serial_bayou_pond_c, serial_bayou_lagoon_b,
          grunt_ministairs_8, minmay_misc_feat_cross, uniq_natasha
D:4:      layout_basic, xom_confusion_cloud, serial_shops, kennysheep_mini
D:5:      layout_cave_pods, minmay_temple_entry_enclosed_plants, serial_park,
          serial_park_square3 [serial_park_minivault_5x5_7], uniq_menkaure,
          uniq_prince_ribbit1
Temple:   dpeg_five_rooms_temple

Skill      XL: |  1  2  3  4  5  6  7 |
---------------+----------------------+-----
Poison Magic   | 4 5 |  5.8
Spellcasting   | 4 5 6 7 |  7.3
Transmutations | 2 3 |  3.4
Air Magic      | 1 2 |  2.1
Stealth        | 3 |  3.9
Short Blades   | 1 |  1.3
Dodging        | 3 |  3.6
Fighting       | |  0.3
Conjurations   | |  0.8
Fire Magic     | |  0.3

Action                   |  1- 3 |  4- 6 |  7- 9 || total
-------------------------+-------+-------+-------++-------
Melee: Unarmed           |     4 |       |       ||     4
       Dagger            |       |   158 |    70 ||   228
       Kick              |       |       |     6 ||     6
 Cast: Sting             |    48 |    35 |     7 ||    90
       Poisonous Vapours |     6 |    83 |    12 ||   101
       Mephitic Cloud    |       |     7 |     5 ||    12
       Ignite Poison     |       |     3 |     2 ||     5
  Use: Scroll            |     4 |     4 |     1 ||     9
       Potion            |     1 |     3 |     2 ||     6
 Stab: Sleeping          |       |       |     2 ||     2
       Distracted        |       |       |     1 ||     1
  Eat: Chunk             |     2 |    10 |       ||    12
       Ration            |       |     1 |     4 ||     5
Armor: Robe              |     1 |    36 |    12 ||    49
       Skin              |       |       |     6 ||     6
Dodge: Dodged            |    14 |    90 |    34 ||   138
Block: Other             |       |       |     3 ||     3
